 Dungeon Crawl Stone Soup version 0.25.0-1-g7eea58d2a3 (webtiles) character file.

Game seed: 16194364380399791273

3190 Amplified the Fighter (level 9, 0/85 HPs)
             Began as a Minotaur Chaos Knight on June 14, 2020.
             Was a Plaything of Xom.
             Slain by Prince Ribbit the polar bear (6 damage)
             ... on level 8 of the Dungeon.
             The game lasted 00:10:55 (9343 turns).

Amplified the Fighter (Minotaur Chaos Knight)       Turns: 9343, Time: 00:10:55

Health: 0/85       AC:  7    Str: 16    XL:     9   Next: 64%
Magic:  17/17      EV: 11    Int:  9    God:    Xom [......]
Gold:   230        SH:  0    Dex:  8    Spells: 8/8 levels left

rFire    + . .     SeeInvis .   f - +4 hunting sling (flame)
rCold    . . .     Gourm    .   (no shield)
rNeg     . . .     Faith    .   o - +2 leather armour {rF+}
rPois    .         Spirit   .   (helmet restricted)
rElec    .         Reflect  .   h - +0 cloak
rCorr    .         Harm     .   n - +0 pair of gloves
MR       .....                  (no boots)
Stlth    +.........             (no amulet)
HPRegen  0.24/turn              q - ring of wizardry
MPRegen  0.15/turn              g - ring of magical power

@: very slightly contaminated, hasted, very quick
A: retaliatory headbutt, horns 2, blurry vision 1, clumsy 2, weak 1, no potion
heal 1, MP-powered wands
a: Renounce Religion


You were on level 8 of the Dungeon.
You worshipped Xom.
You were a very special plaything of Xom.
You were not hungry.

You visited 1 branch of the dungeon, and saw 8 of its levels.
You also visited: Sewer.

You collected 350 gold pieces.
You spent 120 gold pieces at shops.

Inventory:

Hand Weapons
 f - a +4 hunting sling of flaming (weapon)
 t - a +0 trident
Missiles
 a - 49 sling bullets (quivered)
 d - 245 stones
 k - 39 poisoned darts
 x - a throwing net
Armour
 b - a +2 leather armour
 e - a +0 tower shield
 h - a +0 cloak (worn)
 l - the cursed +0 tower shield "Zatheng" {Dex+7}
   (You found it on level 4 of the Dungeon)

   It affects your dexterity (+7).
   It has a curse placed upon it.
 n - a +0 pair of gloves (worn)
 o - a +2 leather armour of fire resistance (worn)
Jewellery
 g - a ring of magical power (right hand)
 q - a ring of wizardry (left hand)
Scrolls
 i - a scroll of fog
 m - 3 scrolls of amnesia
 r - a scroll of magic mapping
 s - 3 scrolls of teleportation
 u - a scroll of identify
 y - a scroll of remove curse
Potions
 j - 4 potions of might
 v - a potion of brilliance
Comestibles
 c - 12 rations
 A - 4 chunks of flesh


   Skills:
 * Level 10.1 Fighting
 - Level 4.1 Polearms
 * Level 8.2 Slings
 - Level 2.8 Armour
 - Level 1.7 Dodging
 * Level 9.0 Shields


You had 8 spell levels left.
You didn't know any spells.
Your spell library contained the following spells:

 Spells                   Type           Power        Failure   Level  Hunger
 Animate Skeleton         Necr           N/A          19%         1    ##.....
 Pain                     Necr           #...         19%         1    ##.....
 Ensorcelled Hibernation  Hex/Ice        #.....       28%         2    ###....
 Confusing Touch          Hex            #.......     47%         3    ####...
 Gell's Gravitas          Tloc           #.........   47%         3    ####...
 Vampiric Draining        Necr           #.........   47%         3    ####...
 Animate Dead             Necr           N/A          86%         4    #####..
 Petrify                  Tmut/Erth      #.......     86%         4    #####..
 Agony                    Necr           #.......     99%         5    ######.
 Metabolic Englaciation   Hex/Ice        #.........   99%         5    ######.
 Yara's Violent Unravell  Hex/Tmut       #.........   99%         5    ######.


Dungeon Overview and Level Annotations

Branches:
Dungeon (8/15)             Temple (0/1) D:4           Sewer (visited)
   Lair: D:8-11

Altars:
Ashenzari
Cheibriados
Dithmenos
Fedhas
Makhleb
Ru
Sif Muna
Trog
Xom
Yredelemnul
The Shining One

Shops:
D:6 (

Annotations:
D:8 Erica, Prince Ribbit


Innate Abilities, Weirdness & Mutations

You reflexively headbutt those who attack you in melee.
You have a pair of horns on your head.
Scrolls take you a little longer to read.
You are very clumsy. (Dex -4)
You are weak. (Str -2)
Potions are less effective at restoring your health.
You expend magic power (3 MP) to strengthen your wands.


Message History

Prince Ribbit claws you.
Unknown command.
Firing (i - inventory. (/) - cycle)
a - 50 sling bullets (quivered)
Press: ? - help, Shift-Dir - straight line, f/p - Prince Ribbit
Aim: Prince Ribbit the polar bear (almost dead, berserk)
You shoot a sling bullet.
The sling bullet barely misses Prince Ribbit.
Prince Ribbit bites you!
* * * LOW HITPOINT WARNING * * *
Prince Ribbit claws you.
* * * LOW HITPOINT WARNING * * *
Prince Ribbit claws you but does no damage.
You're too confused!
Unknown command.
Your system partially rejects the healing.
You feel better. Prince Ribbit bites you!!
* * * LOW HITPOINT WARNING * * *
Prince Ribbit claws you.
You die... "What!?
That's it?"

...#############
#.......#.......
#@#.......
#h#....... #
#(........ .# #+
+.....>... #.#
#.# #......?..
#.# #.#
#...(..... #.#
#$# ......#+###
#.#.# #....<...
#.# #.........


You could see Prince Ribbit the polar bear (berserk).

Vanquished Creatures
  A two-headed ogre (D:8)
  A deep elf mage (D:7)
  A hippogriff (D:7)
  A wyvern (D:6)
  A hungry ghost (D:5)
  An ice beast (D:7)
  A sky beast (D:7)
  An ogre (D:5)
  2 bullfrogs
  2 scorpions (D:7)
  A crimson imp (D:4)
  A bullfrog zombie (D:5)
  A centaur zombie (D:6)
  3 hounds
  4 orc priests
  2 orc wizards
  2 centaur skeletons
  Jessica (D:3)
  3 iguanas
  9 worker ants
  A hound zombie (D:7)
  2 hound skeletons
  A howler monkey skeleton (D:4)
  4 gnolls (D:5)
  9 adders
  An ooze (D:2)
  An adder zombie (D:7)
  6 worms
  A dart slug (D:2)
  2 leopard geckos
  22 orcs
  12 bats
  7 giant cockroaches
  11 goblins
  7 hobgoblins
  28 jackals
  16 kobolds
  7 quokkas
  8 ball pythons
  4 frilled lizards
  A giant cockroach zombie (D:5)
  2 leopard gecko skeletons
  A leopard gecko zombie (D:5)
  9 rats
  2 plants (Sewer)
204 creatures vanquished.

Vanquished Creatures (collateral kills)
  A centaur (D:6)
1 creature vanquished.

Grand Total: 205 creatures vanquished

Notes
Turn   | Place    | Note
-------+----------+-------------------------------------------
     0 | D:1      | Amplified the Minotaur Chaos Knight began the quest for the
                  | Orb.
     0 | D:1      | Reached XP level 1. HP: 19/19 MP: 0/0
    68 | D:1      | XOM: divination: detect creatures
   199 | D:1      | XOM: divination: detect items
   261 | D:1      | Reached XP level 2. HP: 19/27 MP: 1/1
   269 | D:1      | XOM: divination: detect items
   271 | D:1      | Reached skill level 4 in Fighting
   334 | D:1      | XOM: silly message
   441 | D:1      | XOM: silly message
   621 | D:1      | Reached XP level 3. HP: 33/33 MP: 2/2
  1272 | D:2      | Reached skill level 1 in Shields
  1276 | D:2      | Noticed a bullfrog
  1284 | D:2      | Killed a bullfrog
  1284 | D:2      | Reached skill level 1 in Slings
  1284 | D:2      | Reached XP level 4. HP: 31/41 MP: 3/3
  1551 | D:2      | Reached XP level 5. HP: 41/47 MP: 4/4
  1554 | D:2      | Reached skill level 5 in Fighting
  1798 | D:2      | Found a shattered altar of Ashenzari.
  2293 | D:3      | XOM: silly message
  2302 | D:3      | Found a burning altar of Makhleb.
  2359 | D:3      | XOM: 12-stop teleportation journey
  2394 | D:3      | Found a bloodstained altar of Trog.
  2398 | D:3      | XOM: noise
  2517 | D:3      | Noticed Jessica
  2521 | D:3      | Killed Jessica
  2521 | D:3      | Reached XP level 6. HP: 56/56 MP: 5/5
  2532 | D:3      | XOM: god gift: 16 gold pieces
  2604 | D:3      | Identified Jessica's Collected Works on Malediction
  3027 | D:4      | Found a glowing drain.
  3036 | Sewer    | Entered a sewer
  3808 | D:4      | XOM: god gift: short runed staff {god gift}
  3857 | D:4      | Found a staircase to the Ecumenical Temple.
  3881 | D:4      | Reached skill level 6 in Fighting
  3893 | D:4      | You fall into a shaft and drop 2 floors!
  3893 | D:6      | XOM: stealth player
  4027 | D:6      | XOM: 1-stop teleportation journey
  4100 | D:6      | XOM: scenery: create altars
  4164 | D:6      | XOM: summons 6 friendly demons
  4165 | D:6      | Reached XP level 7. HP: 21/64 MP: 6/6
  4273 | D:6      | XOM: 6-stop teleportation journey
  4397 | D:6      | XOM: smoke on damage
  4425 | D:6      | XOM: silly message
  4682 | D:6      | Found a shadowy altar of Dithmenos.
  4873 | D:6      | Found Avvodd's Weapon Boutique.
  4874 | D:6      | Noticed a wyvern
  4896 | D:6      | Killed a wyvern
  4896 | D:6      | Reached skill level 5 in Shields
  4915 | D:6      | Got a polished chain mail
  4916 | D:6      | Identified the cursed +0 chain mail of Gephuera {rF+} (You
                  | found it on level 6 of the Dungeon)
  4925 | D:6      | Bought 24 sling bullets for 120 gold pieces
  5176 | D:6      | Found a shimmering blue altar of Sif Muna.
  5340 | D:5      | Entered Level 5 of the Dungeon
  5438 | D:5      | Reached skill level 7 in Fighting
  5464 | D:5      | XOM: 2-stop teleportation journey
  5466 | D:5      | XOM: summons 2 friendly demons
  5484 | D:5      | Reached skill level 5 in Slings
  5772 | D:5      | Noticed a hungry ghost
  5782 | D:5      | Killed a hungry ghost
  5782 | D:5      | Reached XP level 8. HP: 68/73 MP: 7/7
  6062 | D:5      | XOM: summons 1 hostile demon
  6093 | D:5      | Found a sacrificial altar of Ru.
  6190 | D:5      | Found a blossoming altar of Fedhas.
  6190 | D:5      | Found a basalt altar of Yredelemnul.
  6350 | D:5      | XOM: give mutations
  6350 | D:5      | Gained mutation: You are weak. (Str -2) [Xom's mischief]
  6350 | D:5      | Gained mutation: You are clumsy. (Dex -2) [Xom's mischief]
  6427 | D:5      | Reached skill level 8 in Fighting
  6488 | D:5      | XOM: give mutations
  6488 | D:5      | Gained mutation: You are very clumsy. (Dex -4) [Xom's
                  | mischief]
  6488 | D:5      | Gained mutation: Scrolls take you a little longer to read.
                  | [Xom's mischief]
  6488 | D:5      | Gained mutation: Potions are less effective at restoring
                  | your health. [Xom's mischief]
  6488 | D:5      | Gained mutation: You expend magic power (3 MP) to
                  | strengthen your wands. [Xom's mischief]
  6583 | D:5      | Found a glowing golden altar of the Shining One.
  6962 | D:4      | XOM: god gift: scroll labeled DOMNOS HAIMYE {god gift}
  7106 | D:4      | XOM: 1-stop teleportation journey
  7107 | D:4      | Noticed a hornet
  7108 | D:4      | Paralysed by a hornet for 1 turns
  7435 | D:4      | XOM: scenery: 1 doors open
  7482 | D:4      | Got a faintly glowing tower shield
  7485 | D:4      | Identified the cursed +0 tower shield "Zatheng" {Dex+7}
                  | (You found it on level 4 of the Dungeon)
  7625 | D:4      | XOM: god gift: 4 rations
  8248 | D:7      | Noticed a hippogriff
  8256 | D:7      | Killed a hippogriff
  8402 | D:7      | Reached skill level 9 in Fighting
  8426 | D:7      | Reached XP level 9. HP: 80/83 MP: 8/8
  8479 | D:7      | Noticed a deep elf mage
  8486 | D:7      | XOM: noise
  8890 | D:7      | XOM: 2-stop teleportation journey
  8908 | D:7      | Killed a deep elf mage
  9109 | D:7      | Found a snail-covered altar of Cheibriados.
  9315 | D:8      | Noticed a two-headed ogre
  9317 | D:8      | XOM: noise
  9320 | D:8      | Noticed Erica
  9321 | D:8      | Killed a two-headed ogre
  9321 | D:8      | Reached skill level 10 in Fighting
  9325 | D:8      | XOM: 2-stop teleportation journey
  9326 | D:8      | Noticed Prince Ribbit
  9327 | D:8      | Noticed Prince Ribbit
  9327 | D:8      | Prince Ribbit changed into Prince Ribbit the polar bear
  9327 | D:8      | XOM: polymorph Prince Ribbit -> Prince Ribbit the polar
                  | bear
  9340 | D:8      | XOM: confusion
  9343 | D:8      | Slain by Prince Ribbit the polar bear

Illustrated notes

Levels and vault maps discovered:
D:1:      grunt_arrival_lava_bath, layout_loops_corners, minmay_octomino_j4
D:2:      layout_rooms, ashenzari_altar_1, grunt_decor_mini_mirrors,
          minmay_misc_feat_four_crosses, chequers_serial_rivers_micro_a
D:3:      layout_loops_cross, lemuel_crystal_altar,
          nicolae_overflow_hidden_temple, serial_bayou, serial_bayou_shore_b,
          serial_bayou_lagoon_a, serial_bayou_crossing, serial_bayou_pond_d,
          serial_bayou_pond_a, serial_bayou_pond_d, kennysheep_jessica_study
D:4:      layout_basic, minmay_temple_entry_arrows, first_ration,
          portal_sewer_entry_d, kennysheep_generic_room_12
D:5:      layout_loops_ring, nicolae_ru_sacrificial_ziggurat, tso_altar,
          gammafunk_temple_overflow_elements
D:6:      layout_loops_cross, lemuel_coloured_pillars_altar,
          lemuel_blue_sif_altar, serial_shops, shop, amethyst_killhole
D:7:      layout_basic, slow_altar_2, guppyfry_early_elven_hall
D:8:      layout_basic, regret_index_temple_of_mockery, uniq_maurice,
          uniq_prince_ribbit1, uniq_erica

Skill      XL: |  1  2  3  4  5  6  7  8  9 |
---------------+----------------------------+-----
Fighting       | 4 5 6 7 9 10 | 10.1
Polearms       | 4 |  4.1
Shields        | 2 3 4 5 7 9 |  9.0
Slings         | 1 2 3 4 5 6 8 |  8.2
Armour         | |  2.8
Dodging        | |  1.7

Action                   |  1- 3 |  4- 6 |  7- 9 || total
-------------------------+-------+-------+-------++-------
Melee: Spear             |    67 |    29 |       ||    96
       Headbutt          |     4 |    10 |       ||    14
 Fire: Hunting sling     |    30 |   228 |   319 ||   577
Throw: Throwing net      |       |       |     2 ||     2
  Use: Scroll            |     1 |     9 |    10 ||    20
       Potion            |       |     5 |     8 ||    13
  Eat: Chunk             |     1 |     4 |     3 ||     8
       Ration            |       |     2 |     4 ||     6
Armor: Leather armour    |    24 |    33 |    34 ||    91
Dodge: Dodged            |    54 |    79 |    71 ||   204
